 Dungeon Crawl Stone Soup version 0.18.1-8-gdd0e5ea (webtiles) character file.

8596 therealfakemoot the Cruncher (level 11, -5/72 HPs)
             Began as a Gargoyle Fighter on June 11, 2016.
             Was an Elder of Qazlal.
             Slain by a spiny frog (8 damage)
             ... on level 9 of the Dungeon.
             The game lasted 00:39:11 (8364 turns).

therealfakemoot the Cruncher (Gargoyle Fighter)     Turns: 8364, Time: 00:39:11

Health: -5/72      AC: 23    Str: 23    XL:     11   Next: 33%
Magic:  11/11      EV:  8    Int:  9    God:    Qazlal [****..]
Gold:   546        SH:  8    Dex:  7    Spells: 0 memorised, 10 levels left

rFire  . . .     SeeInvis +     a - +2 quarterstaff (protect)
rCold  . . .     Gourm    .     w - +0 scale mail
rNeg   + . .     Faith    .     (shield currently unavailable)
rPois  ∞         Spirit   .     (no helmet)
rElec  +         Dismiss  .     (no cloak)
rCorr  .         Reflect  +     (no gloves)
SustAt .         Harm     .     d - +0 pair of boots
MR     .....                    s - +3 amulet of reflection
Stlth  ..........               i - -2 ring of evasion (curse)
                                k - ring of see invisible

@: repel missiles, not resistant to hostile enchantments, extremely unstealthy
A: hooves 1, icy blue scales 1, blink, clumsy 1, negative energy resistance 1,
electricity resistance, unbreathing, petrification resistance, rot immunity, AC
+7
a: Blink, Upheaval, Elemental Force, Renounce Religion


You were on level 9 of the Dungeon.
You worshipped Qazlal.
Qazlal was greatly pleased with you.
You were not hungry.

You visited 3 branches of the dungeon, and saw 11 of its levels.
You also visited: Ossuary.

You collected 616 gold pieces.
You spent 70 gold pieces at shops.

Inventory:

Hand Weapons
 a - a +2 quarterstaff of protection (weapon)
 E - a +0 quarterstaff
Armour
 d - a +0 pair of boots (worn)
 w - a +0 scale mail (worn)
Jewellery
 i - a cursed -2 ring of evasion (right hand)
 k - a ring of see invisible (left hand)
 q - an uncursed ring of protection from magic
 r - a +6 ring of intelligence {unknown}
 s - a +3 amulet of reflection (around neck)
 C - an uncursed ring of protection from fire
Wands
 h - a wand of slowing (48/48)
 n - a wand of confusion (23/48)
 y - a wand of lightning (5/15)
 I - a wand of flame (24/48)
Scrolls
 g - 4 scrolls of immolation
 j - 3 scrolls of teleportation
 l - 3 scrolls of fog
 p - a scroll of acquirement {unknown}
 v - a scroll of identify
 H - a scroll of enchant weapon
 J - a scroll of remove curse
Potions
 e - 3 potions of curing
 x - a potion of invisibility
 A - a potion of mutation {unknown}
 D - a potion of agility {unknown}
 F - a potion of berserk rage {unknown}
 G - a potion of resistance {unknown}
Books
 b - a book of the Warp

   Spells                             Type                      Level
   a - Recall                         Summoning/Translocation      3
   b - Gell's Gravitas                Hexes/Translocation          3
   c - Force Lance                    Conjuration/Translocation    4
   d - Warp Weapon                    Charms/Translocation         5
   e - Summon Forest                  Summoning/Translocation      5
Miscellaneous
 t - a plain deck of escape {drawn: 1}
Comestibles
 c - a royal jelly
 f - 10 bread rations
 o - 3 meat rations
 u - 3 beef jerkies
 z - 6 slices of pizza
 B - 7 chunks of flesh


   Skills:
 + Level 10.0 Fighting
   Level 5.4(9.0) Maces & Flails
 - Level 11.0(11.5) Staves
 + Level 10.0 Armour
 - Level 0.2 Stealth
   Level 3.4 Shields


You had 10 spell levels left.
You didn't know any spells.

Dungeon Overview and Level Annotations

Branches:
Dungeon (9/15)             Temple (1/1) D:6            Lair (1/8) D:9
    Orc: D:9-12

Altars:
Ashenzari
Cheibriados
Dithmenos
Elyvilon
Fedhas
Gozag
Kikubaaqudgha
Makhleb
Nemelex Xobeh
Okawaru
Pakellas
Qazlal
Ru
Sif Muna
Trog
Vehumet
Xom
Yredelemnul
Zin
The Shining One
Lugonu

Shops:
D:8 !   D:9 =


Innate Abilities, Weirdness & Mutations

You are resistant to torment.
Your stone body is resilient (AC +7).
You are immune to poison.
You resist negative energy.
You are resistant to electric shocks.
You can survive without breathing.
You are immune to petrification.
You are immune to rotting.
You have large cloven feet.
You are partially covered in icy blue scales (AC +1).
You can translocate small distances at will.
You are clumsy. (Dex -2)


Message History

There is a staircase to the Lair here.
You hit the spiny frog but do no damage.
You closely miss the spiny frog. You block the spiny frog's attack.
You sock the spiny frog!
The spiny frog is moderately wounded.
The spiny frog stings you.
* * * LOW HITPOINT WARNING * * *
You hit the spiny frog.
The spiny frog is moderately wounded.
You block the spiny frog's attack.
You hit the spiny frog but do no damage.
The spiny frog is moderately wounded.
You block the spiny frog's attack.
You completely miss the spiny frog.
The spiny frog is moderately wounded.
The spiny frog stings you but does no damage.
You sock the spiny frog!
The spiny frog is heavily wounded.
The spiny frog stings you!
You die...

#.###..........##....##.(##....
#..().(.)............##..##....
#..###..............##....##...
#..# #..............##....##...
#..# #§.####........#......#...
#..# #..# #.)......#......#...
###..# #..# #.§§§§...(..........
.....# #..# #§...§.........##...
.....# #..# #..@.§.........##...
.....###..# #.F...........[##...
..........# #....§.......[.(....
..........# #............)[.>...
..........####..............##...
.................#..........##...
.................#..........##...
...._............#..........##...
.................#..........##...


You could see a spiny frog.

Vanquished Creatures
  A hydra (Lair:1)
  A komodo dragon (Lair:1)
  A queen bee (D:8)
  7 yaks
  A human (D:7)
  A wyvern (D:8)
  A hungry ghost (D:8)
  3 hippogriffs
  Edmund (D:6)
  A water moccasin (D:7)
  A porcupine (Lair:1)
  4 orc warriors (D:9)
  3 phantoms
  2 sky beasts (D:5)
  A black bear (D:6)
  7 ice beasts
  A necrophage (D:8)
  A crocodile (D:8)
  3 ogres (D:7)
  A centaur (D:8)
  Blork the orc (D:5)
  A big kobold (D:9)
  7 giant frogs
  4 water moccasin zombies (Ossuary)
  9 killer bees (D:8)
  4 howler monkeys
  An electric eel (D:7)
  3 crimson imps
  A giant frog zombie (D:9)
  2 centaur skeletons
  4 hounds
  5 jellies
  A gnoll shaman (D:4)
  3 orc priests
  Jessica (D:3)
  2 giant frog skeletons
  3 iguanas
  Terence (D:3)
  7 orc wizards
  8 worker ants
  7 sheep
  A killer bee zombie (D:7)
  2 mummies (Ossuary)
  A howler monkey zombie (D:5)
  Robin (D:3)
  16 adders
  7 gnolls
  2 howler monkey skeletons
  4 shadow imps
  An ooze (D:2)
  6 adder zombies (Ossuary)
  2 worms
  4 adder skeletons
  A dart slug (D:4)
  4 giant geckos
  32 orcs
  A ball python (D:5)
  3 bats
  5 giant cockroaches
  6 gnoll zombies (Ossuary)
  15 goblins
  10 hobgoblins
  4 jackals (D:1)
  7 quokkas
  A giant gecko skeleton (D:4)
  5 giant newts
  5 hobgoblin zombies (Ossuary)
  11 kobolds
  3 kobold zombies (Ossuary)
  4 orc zombies (Ossuary)
  5 rats
  4 plants (D:8)
290 creatures vanquished.

Vanquished Creatures (others)
  An orc (D:9)
  2 plants (D:8)
3 creatures vanquished.

Grand Total: 293 creatures vanquished

Notes
Turn   | Place    | Note
--------------------------------------------------------------
     0 | D:1      | therealfakemoot the Gargoyle Fighter began the quest for the Orb.
     0 | D:1      | Reached XP level 1. HP: 14/14 MP: 1/1
   106 | D:1      | Reached XP level 2. HP: 19/19 MP: 2/2
   435 | D:1      | Reached XP level 3. HP: 21/23 MP: 3/3
   824 | D:2      | Found a snail-covered altar of Cheibriados.
  1027 | D:2      | Reached XP level 4. HP: 28/28 MP: 4/4
  1197 | D:3      | Noticed Robin
  1233 | D:3      | Killed Robin
  1333 | D:3      | Noticed Jessica
  1335 | D:3      | Found a burning altar of Makhleb.
  1335 | D:3      | Noticed an Executioner
  1339 | D:3      | Noticed a neqoxec
  1339 | D:3      | Noticed a hellwing
  1343 | D:3      | Killed Jessica
  1456 | D:3      | Reached XP level 5. HP: 32/32 MP: 5/5
  1697 | D:3      | Reached skill level 5 in Maces & Flails
  1878 | D:3      | Noticed Terence
  1897 | D:3      | Killed Terence
  2264 | D:4      | Reached skill level 1 in Staves
  2264 | D:4      | Reached XP level 6. HP: 37/37 MP: 6/6
  2278 | D:4      | Reached skill level 2 in Staves
  2446 | D:4      | Reached skill level 3 in Staves
  2578 | D:4      | Noticed a phantom
  2624 | D:4      | Reached skill level 4 in Staves
  2637 | D:4      | Killed a phantom
  2637 | D:4      | Reached XP level 7. HP: 26/41 MP: 7/7
  3120 | D:4      | Reached skill level 5 in Staves
  3157 | D:5      | Entered Level 5 of the Dungeon
  3233 | D:5      | Found an oddly glowing altar of Pakellas.
  3320 | D:5      | Reached skill level 6 in Staves
  3326 | D:5      | Found an opulent altar of Gozag.
  3363 | D:5      | Noticed Blork the orc
  3383 | D:5      | Killed Blork the orc
  3383 | D:5      | Reached XP level 8. HP: 33/46 MP: 8/8
  3506 | D:5      | Found an iron altar of Okawaru.
  3526 | D:5      | Reached skill level 7 in Staves
  3825 | D:5      | Reached skill level 8 in Staves
  3832 | D:5      | Gained mutation: You are clumsy. (Dex -2) [mutagenic meat]
  3833 | D:5      | Gained mutation: You are partially covered in icy blue scales (AC +1). [mutagenic meat]
  3834 | D:5      | Gained mutation: You have large cloven feet. [mutagenic meat]
  3835 | D:5      | Gained mutation: You can translocate small distances at will. [mutagenic meat]
  4251 | D:6      | Found a staircase to the Ecumenical Temple.
  4269 | D:6      | Reached skill level 9 in Staves
  4274 | Temple   | Entered the Ecumenical Temple
  4289 | Temple   | Became a worshipper of Qazlal Stormbringer
  4393 | D:6      | Noticed Edmund
  4418 | D:6      | Killed Edmund
  4418 | D:6      | Reached XP level 9. HP: 37/51 MP: 9/9
  4679 | D:6      | Reached skill level 10 in Staves
  5379 | D:7      | Reached skill level 11 in Staves
  5447 | D:7      | Reached * piety under Qazlal
  5533 | D:7      | Found a sacrificial altar of Ru.
  5678 | D:7      | Found a white marble altar of Elyvilon.
  5697 | D:7      | Reached skill level 5 in Fighting
  5697 | D:7      | Reached skill level 5 in Armour
  5970 | D:7      | Reached XP level 10. HP: 48/60 MP: 10/10
  6090 | D:8      | Found a sparkling altar of Nemelex Xobeh.
  6113 | D:8      | Found a shimmering altar of Xom.
  6175 | D:8      | Reached ** piety under Qazlal
  6198 | D:8      | Found an ancient bone altar of Kikubaaqudgha.
  6198 | D:8      | Found a shadowy altar of Dithmenos.
  6370 | D:8      | Found a sand-covered staircase.
  6377 | Ossuary  | Entered an ossuary
  6626 | D:8      | Reached *** piety under Qazlal
  7209 | D:8      | Found Refof's Distillery.
  7213 | D:8      | Bought a potion of heal wounds for 70 gold pieces
  7848 | D:9      | Found Piudarra's Jewellery Boutique.
  7864 | D:9      | Reached XP level 11. HP: 65/69 MP: 11/11
  7953 | D:9      | Found a bloodstained altar of Trog.
  8045 | D:9      | Reached **** piety under Qazlal
  8048 | D:9      | Found a staircase to the Lair.
  8310 | Lair:1   | Entered Level 1 of the Lair of Beasts
  8330 | Lair:1   | Noticed a six-headed hydra
  8340 | Lair:1   | Killed a six-headed hydra
  8352 | Lair:1   | Reached skill level 10 in Fighting
  8352 | Lair:1   | Reached skill level 10 in Armour
  8360 | D:9      | HP: 3/72 [spiny frog (4)]
  8364 | D:9      | Slain by a spiny frog

Skill      XL: |  1  2  3  4  5  6  7  8  9 10 11 |
---------------+----------------------------------+-----
Maces & Flails | 3 4 5 |  5.4
Staves         | 1 4 6 9 11 | 11.0
Fighting       | 5 8 10 | 10.0
Armour         | 5 9 10 | 10.0
Stealth        | |  0.2
Shields        | |  3.4

Action                   |  1- 3 |  4- 6 |  7- 9 | 10-12 || total
-------------------------+-------+-------+-------+-------++-------
Melee: Flail             |   130 |   146 |       |       ||   276
       Quarterstaff      |       |   150 |   428 |   552 ||  1130
Evoke: Deck              |       |     1 |       |       ||     1
  Use: Potion            |       |     1 |     1 |     3 ||     5
       Scroll            |       |       |    10 |     7 ||    17
  Eat: Chunk             |     1 |     5 |    13 |    10 ||    29
       Fruit             |       |       |     3 |       ||     3
       Pizza             |       |       |       |     2 ||     2
Armor: Scale mail        |    69 |   148 |   241 |   238 ||   696
Dodge: Dodged            |    38 |   124 |   146 |   135 ||   443
       Deflected         |       |       |       |     2 ||     2
Block: Shield            |    76 |    83 |       |       ||   159
       Other             |       |       |    28 |   132 ||   160
       Reflection        |       |       |     2 |     4 ||     6
